 Dungeon Crawl Stone Soup version 0.17.2-1-ge4368a0 (webtiles) character file.

114 Goblin1989 the Ruffian (level 4, -3/39 HPs)
             Began as a Ghoul Monk on Nov 4, 2016.
             Slain by an ogre
             ... wielding a cursed -3 giant club
              (22 damage)
             ... on level 4 of the Dungeon.
             The game lasted 00:07:12 (1473 turns).

Goblin1989 the Ruffian (Ghoul Monk)                 Turns: 1473, Time: 00:07:12

Health: -3/39      AC:  7    Str: 15    XL:     4   Next: 97%
Magic:  3/3        EV:  5    Int:  5    God:
Gold:   87         SH: 12    Dex: 11    Spells: 0 memorised, 3 levels left

rFire  . . .     SeeInvis .       - Unarmed
rCold  + . .     Clarity  .     h - +0 scale mail
rNeg   + + +     SustAt   .     i - +2 large shield
rPois  ∞         Gourm    .     (no helmet)
rElec  .         Spirit   .     (no cloak)
rCorr  .         Warding  .     (no gloves)
rMut   .         Stasis   .     m - +0 pair of boots
MR     .....                    (no amulet)
Stlth  ..........               (no ring)
                                (no ring)

@: rotting, not resistant to hostile enchantments, extremely unstealthy
A: rotting body, claws 1, carnivore 3, cold resistance 1, negative energy
resistance 3, slow regeneration 1, torment resistance, unbreathing
a: no special abilities


You were on level 4 of the Dungeon.
You were not hungry.

You visited 1 branch of the dungeon, and saw 4 of its levels.

You collected 87 gold pieces.

Inventory:

Armour
 h - a +0 scale mail (worn)
 i - a +2 large shield (worn)
 m - a +0 pair of boots (worn)
Jewellery
 n - an uncursed ring of fire
Scrolls
 c - a scroll of enchant armour {unknown}
 e - 2 scrolls of blinking {unknown}
 g - 3 scrolls of identify {unknown}
 k - a scroll of teleportation {unknown}
 l - a scroll of amnesia {unknown}
Potions
 a - a potion of cancellation {unknown}
 d - 2 potions of curing {unknown}
 f - a potion of mutation {unknown}
Comestibles
 b - a meat ration {@e2}
 j - 2 chunks of flesh {@w0}


   Skills:
 + Level 3.6 Fighting
 + Level 1.1 Armour
 - Level 2.6 Dodging
 - Level 2.1 Stealth
 + Level 0.3 Shields
 * Level 6.2 Unarmed Combat


You had 3 spell levels left.
You didn't know any spells.

Dungeon Overview and Level Annotations

Branches:
Dungeon (4/15)
 Temple: D:4-7

Altars:

Annotations:
D:3 magog001's ghost, novice FoAK


Innate Abilities, Weirdness & Mutations

Your body is rotting away.
You thrive on raw meat.
You are immune to poison.
You have sharp fingernails.
You are carnivorous and can eat meat at any time.
Your flesh is cold resistant.
You are immune to negative energy.
You regenerate slowly when monsters are visible.
You are immune to unholy pain and torment.
You can survive without breathing.


Message History

You are too injured to fight recklessly!
You are too injured to fight recklessly!
You are too injured to fight recklessly!
You are too injured to fight recklessly!
You are too injured to fight recklessly!
You are too injured to fight recklessly!
You are too injured to fight recklessly!
You are too injured to fight recklessly!
You are too injured to fight recklessly!
You are too injured to fight recklessly!
You are too injured to fight recklessly!
You are too injured to fight recklessly!
You are too injured to fight recklessly!
You are too injured to fight recklessly!
Unknown command.
Your shield prevents you from hitting the ogre.
The ogre is almost dead.
The ogre hits you with a giant club!!
Ouch! That really hurt!
You die...

██. █.█ █...
█.█ █... █.█
██...████ █.█
........█ █.█
........█ █.█
........█████.█
██...█.....<..█
█.


█@████████ █O█ █S█ █.█ ..█ ███ You could see an ogre and an adder.

Vanquished Creatures
  An orc priest (D:3)
  2 adders (D:2)
  2 worms
  5 orcs (D:3)
  2 goblins (D:2)
  8 hobgoblins
  7 kobolds
  A ball python (D:2)
  4 bats
  5 giant cockroaches
  2 giant geckos
  3 giant newts
  3 quokkas (D:2)
  13 rats
58 creatures vanquished.

Notes
Turn   | Place    | Note
--------------------------------------------------------------
     0 | D:1      | Goblin1989 the Ghoul Monk began the quest for the Orb.
     0 | D:1      | Reached XP level 1. HP: 19/19 MP: 0/0
   131 | D:1      | Reached XP level 2. HP: 26/26 MP: 1/1
   173 | D:1      | Reached skill level 5 in Unarmed Combat
   419 | D:2      | Reached XP level 3. HP: 28/30 MP: 2/2
   918 | D:2      | Reached XP level 4. HP: 36/38 MP: 3/3
  1126 | D:3      | Reached skill level 1 in Armour
  1126 | D:3      | Reached skill level 6 in Unarmed Combat
  1249 | D:3      | Found a faded altar to an unknown god.
  1318 | D:3      | Noticed magog001's ghost (novice FoAK)
  1463 | D:4      | Noticed an ogre
  1473 | D:4      | Slain by an ogre

Action                   |  1- 3 |  4- 6 || total
-------------------------+-------+-------++-------
Melee: Unarmed           |    94 |    47 ||   141
 Stab: Sleeping          |     8 |       ||     8
  Eat: Chunk             |    11 |     8 ||    19

Vault maps used:
D:1:      dpeg_arrival_morbid_curiosity
D:2:      minmay_tree_intersection, nrook_loot_triangle
D:3:      grunt_temple_overflow_holy_war, serial_forest,
          infiniplex_forest_lined_1, infiniplex_forest_lined_ring,
          infiniplex_forest_lined_room_3, infiniplex_forest_clump_double,
          infiniplex_forest_lined_2, infiniplex_forest_clump_diagonal,
          infiniplex_forest_straight_5, infiniplex_forest_lined_3,
          infiniplex_forest_lined_1, infiniplex_forest_lined_2,
          ecumenical_altar_1, first_bread
D:4:      grunt_temple_overflow_growth_and_decay, minmay_temple_entry_junction,
          kennysheep_small_spiral, uniq_eustachio
